 Dungeon Crawl Stone Soup version 0.29-a0-542-g075992c915 (webtiles) character file.

Game seed: 16383535282425023999

2 Pooter the Shield-Bearer (level 1, -2/19 HPs)
             Began as a Meteoran Fighter on June 4, 2022.
             Slain by Sigmund
             ... wielding a +0 scythe
              (5 damage)
             ... on level 2 of the Dungeon.
             The game lasted 00:03:02 (85 turns).

Pooter the Shield-Bearer (Meteoran Fighter)           Turns: 85, Time: 00:03:03

Health: -2/19      AC:  6    Str: 17    XL:     1   Next: 57%
Magic:  2/2        EV:  9    Int:  9    God:
Gold:   0          SH:  5    Dex: 13    Spells: 0/0 levels left

rFire   . . .      SeeInvis .   a - +0 flail
rCold   . . .      Faith    .   c - +0 buckler
rNeg    . . .      Spirit   .   b - +0 scale mail
rPois   .          Reflect  .   (no helmet)
rElec   .          Harm     .   (no cloak)
rCorr   .          Rampage  .   (no gloves)
Will    .....                   (no boots)
Stlth   ..........              (no amulet)
HPRegen 0.06/turn               (no ring)
MPRegen 0.08/turn               (no ring)

@: mighty, glowing
A: sense surroundings 1, otherworldly, glowing, explore regen
a: no special abilities


You were on level 2 of the Dungeon.
You visited 1 branch of the dungeon, and saw 2 of its levels.

Inventory:

Hand Weapons
 a - a +0 flail (weapon)
Armour
 b - a +0 scale mail (worn)
 c - a +0 buckler (worn)
Magical Staves
 e - a staff of cold
   (You found it on level 1 of the Dungeon)


   Skills:
 + Level 3.3 Fighting
 * Level 2.8 Maces & Flails
 + Level 3.6 Armour
 + Level 3.6 Shields


You couldn't memorise any spells.
You didn't know any spells.
Your spell library was empty.

Dungeon Overview and Level Annotations

Branches:
Dungeon (2/15)

Altars:

Annotations:
D:2 Sigmund


Innate Abilities, Weirdness & Mutations

You passively map a small area around you.
You are easily found by Zot.
You glow in the dark.
You regain HP and MP as you explore.


Message History

Found a long glowing staff.
There is an open door here.
You see here a staff of cold.
e - a staff of cold Autopickup is now off.
Autopickup is now on.
You are a level 1 Meteoran Fighter.
You are 0% of the way to level 2.
Play time: 00:01:27 (19 turns).
Zot will find you in 581 turns if you stay in this branch and explore no new floors.
Unknown command.
Found an escape hatch in the floor.
A frilled lizard comes into view.
The frilled lizard hisses angrily.
The frilled lizard moves out of view.
There is an escape hatch in the floor here.
You slide downwards.
The hatch slams shut behind you.
The hobgoblin shouts!
You closely miss the hobgoblin.
The hobgoblin hits you but does no damage.
An endoplasm comes into view.
You barely miss the hobgoblin.
The hobgoblin hits you but does no damage.
You hit the hobgoblin.
You kill the hobgoblin!
The endoplasm jiggles.
You see here a hobgoblin corpse.
You sock the endoplasm!
You kill the endoplasm!
Sigmund the Dreaded comes into view.
He is wielding a +0 scythe, wearing a +2 robe of willpower and carrying a wand of digging (1).
Sigmund shouts!
You feel very mighty all of a sudden.
Sigmund zaps a wand.
You hear a grinding noise.
The now-empty wand crumbles to dust.
Sigmund gestures wildly while chanting.
Sigmund flickers and vanishes!
Deactivating autopickup; reactivate with Ctrl-A.
Found a hunting sling.
Something hits you.
You closely miss something. You sock something! Something hits you.
You barely miss something. You block something's attack.
Unknown command.
You thump something! Something hits you!
* * * LOW HITPOINT WARNING * * *
You barely miss something. Something hits you.
You die...

, .......
**#.....#
#...... ,
.....# * # #
....###.#
#.#.......#
#...{...).#
#@.# #.#.##
###.##.#
#.....#.#
#.#.#.##.######
#.#...........#
*
#.....####.##.#
#.....# #.# ,*,
##...##
#####.#####


There were no monsters in sight!

Vanquished Creatures
  An endoplasm (D:2)
  A hobgoblin (D:2)
2 creatures vanquished.

Notes
Turn   | Place    | Note
-------+----------+-------------------------------------------
     0 | D:1      | Pooter the Meteoran Fighter began the quest for the Orb.
     0 | D:1      | Reached XP level 1. HP: 19/19 MP: 2/2
    75 | D:2      | Noticed Sigmund
    85 | D:2      | Slain by Sigmund

Illustrated notes

Levels and vault maps discovered:
D:1:      dpeg_arrival_another_circle, layout_loops_ring, serial_shops,
          nicolae_diamond_shop, nrook_mini_vaults, minmay_misc_feat_alley
D:2:      layout_loops_corners, corexii_shack, uniq_sigmund

Action                   || total
-------------------------++-------
Melee: Flail             ||     9
  Use: Potion            ||     1
Armor: Scale mail        ||     2
Block: Buckler           ||     1

Table legend: (Time is in decaauts)
 A = Elapsed time spent in this place.
 B = Non-inter-level travel time spent in this place.
 C = Inter-level travel time spent in this place.
 D = Time resting spent in this place.
 E = Time spent auto-exploring this place.
 F = Levels seen in this place.
 G = Mean time per level.
                   A        B        C        D        E       F      G
               +--------+--------+--------+--------+--------+-----+--------+
         Total |     87 |     87 |      0 |      0 |      0 |   2 |   43.5 |
       Dungeon |     87 |     87 |      0 |      0 |      0 |   2 |   43.5 |
               +--------+--------+--------+--------+--------+-----+--------+

Top non-repeatable levels by time:
     D:2: 47 daAuts
     D:1: 40 daAuts
